 Dungeon Crawl Stone Soup version 0.24.0-123-gd5b16e6ec5 (webtiles) character file.

Game seed: 4528007791522608672, levelgen mode: deterministic

22 Elellon the Conjurer (level 2, -1/15 HPs)
             Began as a Deep Elf Conjurer on Feb 10, 2020.
             Slain by an adder (3 damage)
             ... on level 1 of the Dungeon.
             The game lasted 00:01:34 (733 turns).

Elellon the Conjurer (Deep Elf Conjurer)             Turns: 733, Time: 00:01:35

Health: -1/15      AC:  3    Str:  5    XL:     2   Next: 68%
Magic:  1/8        EV: 13    Int: 19    God:
Gold:   28         SH:  0    Dex: 15    Spells: 7/8 levels left

rFire    . . .     SeeInvis .   j - +0 dagger (venom)
rCold    . . .     Gourm    .   (no shield)
rNeg     . . .     Faith    .   a - +0 robe
rPois    .         Spirit   .   (no helmet)
rElec    .         Reflect  .   (no cloak)
rCorr    .         Harm     .   g - +0 pair of gloves
MR       .....                  (no boots)
Stlth    ++........             (no amulet)
HPRegen  0.05/turn              (no ring)
MPRegen  0.11/turn              (no ring)

@: no status effects
A: no striking features
a: no special abilities


You were on level 1 of the Dungeon.
You were not hungry.

You visited 1 branch of the dungeon, and saw 2 of its levels.

You collected 28 gold pieces.

Inventory:

Hand Weapons
 j - a +0 dagger of venom (weapon)
Armour
 a - a +0 robe (worn)
 g - a +0 pair of gloves (worn)
Scrolls
 b - 4 scrolls of identify {unknown}
 e - a scroll of remove curse {unknown}
 h - a scroll of immolation {unknown}
 k - a scroll of teleportation {unknown}
Potions
 f - 2 potions of curing {unknown}
 i - a potion of magic {unknown}
 l - a potion of degeneration {unknown}
Comestibles
 c - 4 rations
 d - 3 chunks of flesh


   Skills:
 - Level 2.4 Dodging
 - Level 2.4 Stealth
 + Level 3.9 Spellcasting
 + Level 4.9 Conjurations


You had 7 spell levels left.
You knew the following spells:

 Your Spells              Type           Power        Failure   Level  Hunger
a - Magic Dart            Conj           ###.         1%          1    None

Your spell library contained the following spells:

 Spells                   Type           Power        Failure   Level  Hunger
 Searing Ray              Conj           ###...       2%          2    ##.....
 Dazzling Spray           Conj/Hex       ##....       16%         3    ###....
 Iskenderun's Mystic Bla  Conj           ###.....     19%         4    ####...
 Force Lance              Conj/Tloc      ##......     45%         4    ####...
 Fulminant Prism          Conj/Hex       ##........   45%         4    ####...


Dungeon Overview and Level Annotations

Branches:
Dungeon (2/15)

Altars:


Message History

There is a stone staircase leading down here.
Casting: Magic Dart (safe; 1% risk of failure)
Confirm with . or Enter, or press ? or * to list all spells.
Aiming: Magic Dart (safe; 1% risk of failure)
Press: ? - help, Shift-Dir - straight line, f - adder
Aim: an adder (severely wounded)
The magic dart hits the adder.
The adder is almost dead.
The adder misses you. The rat barely misses you.
Casting: Magic Dart (safe; 1% risk of failure)
Confirm with . or Enter, or press ? or * to list all spells.
Aiming: Magic Dart (safe; 1% risk of failure)
Press: ? - help, Shift-Dir - straight line, f/p - adder
Aim: an adder (almost dead)
The magic dart hits the adder but does no damage.
The adder is almost dead.
The adder barely misses you. The rat bites you.
* * * LOW HITPOINT WARNING * * *
The adder bites you.
You die...

.#...####.###.#######...###..##
.#.........##..## #.........#
.#÷..##.##.###..# ##...#....#
.##...........#.## ##.......#
.......###..#....#####.......##
.....### ##.###...........#.##
.##....####...............#.#
.##.##........#S######......#
...............r@..........##
)##.##.........######..#....#####
.##.(........(.........#........#
######.........######.##.#.#.....
#........#######.##.#.#####+
#......................#....
###.#..######..........#.⌠..
##...####.............#....
#.(#.....(###...).....'...⌠


You could see an adder and a rat.

Vanquished Creatures
  A leopard gecko (D:1)
  A giant cockroach (D:1)
  2 goblins (D:1)
  2 hobgoblins (D:1)
  3 jackals (D:1)
  2 ball pythons (D:1)
  2 frilled lizards (D:1)
  4 kobolds
  2 rats (D:1)
19 creatures vanquished.

Notes
Turn   | Place    | Note
-------+----------+-------------------------------------------
     0 | D:1      | Elellon the Deep Elf Conjurer began the quest for the Orb.
     0 | D:1      | Reached XP level 1. HP: 10/10 MP: 6/6
   207 | D:1      | Reached XP level 2. HP: 15/15 MP: 3/8
   733 | D:1      | Slain by an adder

Levels and vault maps discovered:
D:1:      minmay_arrival_jagged, layout_rooms, minmay_fountain_box
D:2:      layout_basic, serial_rivers, chequers_serial_rivers_marsh,
          chequers_serial_rivers_large_a, chequers_serial_rivers_marsh,
          chequers_serial_rivers_small_b, first_ration,
          minmay_fractal_squares_5, uniq_robin

Action                   || total
-------------------------++-------
 Cast: Magic Dart        ||    42
Armor: Robe              ||     1
Dodge: Dodged            ||    20
